 Dungeon Crawl Stone Soup version 0.25-a0-521-gb5d5f98535 (webtiles) character file.

Game seed: 14501300115773382542, levelgen mode: deterministic

2582 DerDa the Conjurer (level 9, 0/57 HPs)
             Began as a Demonspawn Fire Elementalist on Feb 18, 2020.
             Was a Priest of Sif Muna.
             Slain by Duvessa
             ... wielding a +0 rapier
              (13 damage)
             ... on level 7 of the Dungeon.
             The game lasted 00:19:12 (6687 turns).

DerDa the Conjurer (Demonspawn Fire Elementalist)   Turns: 6687, Time: 00:19:13

Health: 0/57       AC:  5    Str:  8    XL:     9   Next: 32%
Magic:  14/19      EV: 12    Int: 21    God:    Sif Muna [***...]
Gold:   485        SH:  0    Dex: 13    Spells: 12/22 levels left

rFire    . . .     SeeInvis .   G - +4 spear (venom)
rCold    + + .     Gourm    .   (no shield)
rNeg     + . .     Faith    .   y - +2 robe {rC+}
rPois    .         Spirit   .   g - +1 hat
rElec    .         Reflect  .   (no cloak)
rCorr    .         Harm     .   (no gloves)
MR       .....                  (no boots)
Stlth    +.........             s - amulet of magic regeneration
HPRegen  0.19/turn              r - ring of positive energy
MPRegen  0.41/turn              b - ring of attention (curse)

@: no status effects
A: claws 2, horns 2, cold resistance 1, foul stench 1, rot immunity
a: Channel Magic, Forget Spell, Renounce Religion


You were on level 7 of the Dungeon.
You worshipped Sif Muna.
Sif Muna was most pleased with you.
You were very hungry.

You visited 1 branch of the dungeon, and saw 7 of its levels.

You collected 485 gold pieces.

Inventory:

Hand Weapons
 i - a +0 short sword of electrocution
 l - a +1 whip of draining
 G - a +4 spear of venom (weapon)
Missiles
 d - 201 stones
 e - 27 poisoned darts (quivered)
 B - 3 curare-tipped darts
Armour
 g - a +1 hat (worn)
 p - a +2 kite shield
 y - a +2 robe of cold resistance (worn)
Jewellery
 b - a cursed ring of attention (right claw)
 r - a ring of positive energy (left claw)
 s - an amulet of magic regeneration (around neck)
Wands
 f - a wand of clouds (5)
 D - a wand of acid (11)
 E - a wand of polymorph (11)
Scrolls
 h - a scroll of fog {unknown}
 j - 3 scrolls of blinking {unknown}
 k - 2 scrolls of random uselessness {unknown}
 m - a scroll of immolation {unknown}
 o - 11 scrolls of identify {unknown}
 q - a scroll of enchant weapon {unknown}
 t - 6 scrolls of remove curse {unknown}
 u - 2 scrolls of enchant armour {unknown}
 A - 3 scrolls of amnesia {unknown}
 C - a scroll of holy word {unknown}
Potions
 n - a potion of lignification
 v - 3 potions of heal wounds {unknown}
 w - 2 potions of brilliance
 x - a potion of curing
 z - a potion of might {unknown}
 F - a potion of haste {unknown}
Comestibles
 a - 10 chunks of flesh
 c - 15 rations


   Skills:
 - Level 1.7 Dodging
 - Level 1.7 Stealth
 * Level 7.0 Spellcasting
 * Level 7.4 Conjurations
 * Level 7.2 Fire Magic


You had 12 spell levels left.
You knew the following spells:

 Your Spells              Type           Power        Failure   Level  Hunger
a - Foxfire               Conj/Fire      ####         1%          1    None
b - Sticky Flame          Conj/Fire      #####...     4%          4    ###....
c - Fireball              Conj/Fire      #####.....   12%         5    #####..

Your spell library contained the following spells:

 Spells                   Type           Power        Failure   Level  Hunger
 Conjure Flame            Conj/Fire      #####...     1%          3    #......
 Inner Flame              Hex/Fire       ###.....     6%          3    #......


Dungeon Overview and Level Annotations

Branches:
Dungeon (7/15)
 Temple: D:4-7

Altars:
Elyvilon
Fedhas
Hepliaklqana
Okawaru
Qazlal
Sif Muna
Wu Jian
Yredelemnul
Zin
The Shining One

Annotations:
D:7 Duvessa


Innate Abilities, Weirdness & Mutations

You have very sharp fingernails.
You have a pair of horns on your head.
Your flesh is cold resistant. (rC+)
You may emit foul miasma when damaged in melee.
You are immune to rotting.


Message History

Duvessa burns!
Duvessa hits you with a +0 rapier.
Duvessa looks sick.
You are feeling very hungry.
Duvessa burns!
Duvessa burns!
Duvessa rages.
Duvessa burns!
A wyvern skeleton comes into view.
Duvessa barely misses you.
Duvessa burns!
Duvessa stops burning.
Duvessa closely misses you. Duvessa barely misses you.
The wyvern skeleton bites you but does no damage.
Things that are here:
a +0 spear; a +0 ring mail; a gnoll skeleton Duvessa hits you with a +0 rapier.
Duvessa hits you with a +0 rapier!!
* * * LOW HITPOINT WARNING * * *
Okay, then.
You feel better. Duvessa hits you with a +0 rapier!
You die...

#.. #.. #......#
#.?#######.###### #......#
.#..#<...........# #......#
...#.#####.####.####......#
###)#.#####.#.....[[.......#
....†..........)))()..###.#
.####......(...#Z#<#[.#
......#........#e#.#..## #
.#######.#####.#@#.#...########..
...............[............>.'..
#####....#####.#)#.#.#.###.#.##..
........## #.....#.###.....#.#
#######.# #.....#.# #..####.#
..#.# #...).#.# #..# #.# # #.#.#
#.....#.# #..# #.# #
#.#.######.#.#.###..## #.# #
#.#........#'#.......# #.#


You could see Duvessa (berserk) and a wyvern skeleton.

Vanquished Creatures
  A wyvern (D:7)
  An orc warrior (D:6)
  3 sky beasts
  2 ogres
  4 bullfrogs
  Blork the orc (D:5)
  A gnoll sergeant (D:7)
  Dowan (D:7)
  A water moccasin skeleton (D:7)
  3 scorpions
  5 wights (D:6)
  A howler monkey (D:6)
  A bullfrog skeleton (D:6)
  A centaur skeleton (D:4)
  Terence (D:2)
  2 hounds (D:6)
  5 orc priests
  5 orc wizards
  4 iguanas
  Natasha (thrice) (D:3)
  7 worker ants
  10 gnolls
  A worker ant zombie (D:5)
  3 adders
  A shadow imp (D:7)
  3 oozes
  2 adder zombies
  4 worms
  A dart slug (D:3)
  3 leopard geckos
  21 orcs
  2 giant cockroaches
  5 goblins
  3 hobgoblins
  8 jackals
  4 quokkas
  6 bats
  7 frilled lizards
  10 kobolds
  2 rats
149 creatures vanquished.

Vanquished Creatures (others)
  An orc wizard (D:3)
  464 foxfires
465 creatures vanquished.

Grand Total: 614 creatures vanquished

Notes
Turn   | Place    | Note
-------+----------+-------------------------------------------
     0 | D:1      | DerDa the Demonspawn Fire Elementalist began the quest for
                  | the Orb.
     0 | D:1      | Reached XP level 1. HP: 13/13 MP: 3/3
   215 | D:1      | Gained mutation: You have sharp fingernails. [demonic
                  | ancestry]
   215 | D:1      | Reached XP level 2. HP: 19/19 MP: 0/5
   919 | D:1      | Gained mutation: You have a pair of small horns on your
                  | head. [demonic ancestry]
   919 | D:1      | Reached XP level 3. HP: 6/24 MP: 0/6
  1339 | D:2      | Found a glowing golden altar of the Shining One.
  1350 | D:2      | Noticed an angel
  1355 | D:2      | Found a basalt altar of Yredelemnul.
  1357 | D:2      | Noticed a profane servitor
  1535 | D:2      | Noticed Terence
  1548 | D:2      | Killed Terence
  1548 | D:2      | Reached XP level 4. HP: 30/30 MP: 0/8
  1691 | D:2      | Found an ornate altar of the Wu Jian Council.
  1827 | D:3      | Noticed Natasha
  2117 | D:3      | Found a glowing silver altar of Zin.
  2322 | D:3      | Found a white marble altar of Elyvilon.
  2346 | D:3      | Killed Natasha
  2532 | D:3      | Found a shimmering blue altar of Sif Muna.
  2540 | D:3      | Became a worshipper of Sif Muna the Loreminder
  2563 | D:3      | Gained mutation: You have very sharp fingernails. [demonic
                  | ancestry]
  2563 | D:3      | Reached XP level 5. HP: 29/35 MP: 2/9
  2803 | D:3      | Found a stormy altar of Qazlal.
  2965 | D:3      | Found a blossoming altar of Fedhas.
  3020 | D:4      | Learned a level 4 spell: Sticky Flame
  3026 | D:4      | Learned a level 5 spell: Fireball
  3247 | D:4      | Gained mutation: You are immune to rotting. [demonic
                  | ancestry]
  3247 | D:4      | Reached XP level 6. HP: 13/41 MP: 3/11
  3266 | D:4      | HP: 3/61 [poisoned by a scorpion]
  3274 | D:4      | HP: 3/61 [poisoned by a scorpion]
  3377 | D:3      | Noticed Natasha
  3590 | D:3      | Killed Natasha
  3678 | D:3      | Noticed Natasha
  3686 | D:3      | Killed Natasha
  3873 | D:4      | Reached * piety under Sif Muna
  4050 | D:5      | Entered Level 5 of the Dungeon
  4191 | D:5      | Gained mutation: You have a pair of horns on your head.
                  | [demonic ancestry]
  4191 | D:5      | Reached XP level 7. HP: 46/46 MP: 2/13
  4295 | D:5      | Noticed Blork the orc
  4311 | D:5      | Killed Blork the orc
  4311 | D:5      | Reached skill level 5 in Fire Magic
  4815 | D:5      | Reached skill level 5 in Spellcasting
  4815 | D:5      | Reached skill level 5 in Conjurations
  4960 | D:5      | Found an iron altar of Okawaru.
  5084 | D:6      | Gained mutation: Your flesh is cold resistant. (rC+)
                  | [demonic ancestry]
  5084 | D:6      | Reached XP level 8. HP: 46/52 MP: 7/15
  5195 | D:6      | Reached ** piety under Sif Muna
  5313 | D:6      | Found a hazy altar of Hepliaklqana.
  6412 | D:7      | Gained mutation: You may emit foul miasma when damaged in
                  | melee. [demonic ancestry]
  6412 | D:7      | Reached XP level 9. HP: 47/57 MP: 14/18
  6659 | D:7      | Noticed Dowan
  6661 | D:7      | Noticed Duvessa
  6667 | D:7      | Reached *** piety under Sif Muna
  6672 | D:7      | Killed Dowan
  6687 | D:7      | Slain by Duvessa

Levels and vault maps discovered:
D:1:      roderic_crop_circles_arrival_small, layout_loops_ring
D:2:      layout_loops_cross, grunt_temple_overflow_holy_war,
          overflow_temple_1_default, uniq_terence
D:3:      layout_basic, elyvilon_altar_5, nicolae_qazlal_eye_of_the_storm,
          fedhas_altar_2, lemuel_crystal_altar, led_sif_book, uniq_natasha
D:4:      layout_basic, first_ration
D:5:      layout_basic, okawaru_altar_gauntlet_db, uniq_blork_the_orc
D:6:      layout_rooms, old_standard_altar
D:7:      layout_basic, minmay_temple_entry_enclosed_plants, uniq_duvessa

Skill      XL: |  1  2  3  4  5  6  7  8  9 |
---------------+----------------------------+-----
Fire Magic     | 3 4 5 6 7 |  7.2
Conjurations   | 2 3 4 5 6 7 |  7.4
Spellcasting   | 3 4 5 6 7 |  7.0
Dodging        | |  1.7
Stealth        | |  1.7

Action                   |  1- 3 |  4- 6 |  7- 9 || total
-------------------------+-------+-------+-------++-------
Melee: Unarmed           |     5 |       |       ||     5
       Short sword       |     8 |    33 |    46 ||    87
       Whip              |     3 |       |       ||     3
       Headbutt          |       |     7 |     7 ||    14
       Spear             |       |       |     8 ||     8
 Cast: Foxfire           |    50 |   101 |   154 ||   305
       Sticky Flame      |       |     5 |    31 ||    36
       Fireball          |       |       |     1 ||     1
  Use: Potion            |       |     5 |     1 ||     6
 Stab: Sleeping          |       |     3 |       ||     3
  Eat: Chunk             |     2 |     9 |    12 ||    23
Armor: Robe              |     8 |     8 |    25 ||    41
       Skin              |       |     3 |       ||     3
Dodge: Dodged            |    20 |    28 |    87 ||   135

Table legend:
 A = Non-vault XP
 B = Vault XP
 C = Vault XP percentage of total XP
 D = Non-vault monster count
 E = Vault monster count
 F = Vault count percentage of total count
                 A         B        C        D         E       F
            +---------+---------+-------+---------+---------+-------
      Total |    3357 |     332 |   9.0 |     138 |      12 |   8.0
            +---------+---------+-------+---------+---------+-------
        D:1 |      33 |       0 |   0.0 |      14 |       0 |   0.0
        D:2 |      63 |      40 |  38.8 |      13 |       1 |   7.1
        D:3 |     104 |     100 |  49.0 |      18 |       3 |  14.3
        D:4 |     323 |       0 |   0.0 |      18 |       0 |   0.0
        D:5 |     606 |     123 |  16.9 |      20 |       7 |  25.9
        D:6 |    1143 |       0 |   0.0 |      30 |       0 |   0.0
        D:7 |    1085 |      69 |   6.0 |      25 |       1 |   3.8
            +---------+---------+-------+---------+---------+-------
